 Dungeon Crawl Stone Soup version 0.29-a0-330-g52719c12eb (webtiles) character file.

Game seed: 7151851290928249022

68 Crownlay the Digger (level 4, -13/27 HPs)
             Began as an Octopode Earth Elementalist on May 25, 2022.
             Mangled by an ogre
             ... wielding a +0 giant club
              (24 damage)
             ... on level 4 of the Dungeon.
             The game lasted 00:04:07 (2633 turns).

Crownlay the Digger (Octopode Earth Elementalist)   Turns: 2633, Time: 00:04:08

Health: -13/27     AC:  1    Str: 13    XL:     4   Next: 19%
Magic:  0/9        EV: 13    Int: 19    God:
Gold:   68         SH:  0    Dex: 12    Spells: 9/10 levels left

rFire   . . .      SeeInvis .   v - +4 dagger
rCold   + . .      Faith    .   (no shield)
rNeg    . . .      Spirit   +   (helmet restricted)
rPois   +          Reflect  .   o - amulet of guardian spirit
rElec   .          Harm     .   m - ring of protection from cold
rCorr   .          Rampage  .   n - ring of poison resistance
Will    .....                   s - +6 ring of strength
Stlth   +++.......              (no ring)
HPRegen 0.09/turn               (no ring)
MPRegen 0.11/turn               (no ring)
                                (no ring)
                                (no ring)

@: no status effects
A: almost no armour, amphibious, 8 rings, camouflage 1, gelatinous body 1,
(nimble swimmer 1), tentacles
a: no special abilities


You were on level 4 of the Dungeon.
You visited 1 branch of the dungeon, and saw 4 of its levels.

You collected 152 gold pieces.
You spent 84 gold pieces at shops.

Inventory:

Hand Weapons
 v - a +4 dagger (weapon)
Missiles
 a - 93 stones
Armour
 l - a +0 kite shield
Jewellery
 m - a ring of protection from cold (left tentacle)
 n - a ring of poison resistance (right tentacle)
 o - an amulet of guardian spirit (around mantle)
 s - a +6 ring of strength (on tentacle)
Scrolls
 c - 3 scrolls of fog
 d - a scroll of noise {unknown}
 e - a scroll of vulnerability {unknown}
 f - 3 scrolls of teleportation
 h - a scroll of identify
 i - 2 scrolls of enchant armour
 k - 2 scrolls of blinking
 q - a scroll of summoning {unknown}
 r - a scroll of magic mapping {unknown}
 x - a scroll of fear {unknown}
Potions
 b - a potion of magic
 g - a potion of berserk rage {unknown}
 j - 3 potions of curing {unknown}
 p - a potion of lignification {unknown}
 t - 2 potions of heal wounds {unknown}
 u - a potion of resistance {unknown}
 w - a potion of mutation {unknown}


   Skills:
 - Level 2.0 Dodging
 - Level 2.6 Stealth
 * Level 3.5 Spellcasting
 - Level 1.0 Transmutations
 + Level 3.6 Earth Magic


You had 9 spell levels left.
You knew the following spells:

 Your Spells              Type           Power      Damage    Failure   Level
a - Sandblast             Erth           34%        2d9       3%          1

Your spell library contained the following spells:

 Spells                   Type           Power      Damage    Failure   Level
 Passwall                 Tmut/Erth      10%        N/A       9%          2
 Stone Arrow              Conj/Erth      20%        3d8       21%         3
 Petrify                  Tmut/Erth      12%        N/A       50%         4


Dungeon Overview and Level Annotations

Branches:
Dungeon (4/15)
 Temple: D:4-7

Altars:
Hepliaklqana

Shops:
D:3 *


Innate Abilities, Weirdness & Mutations

You cannot wear most types of armour.
You are amphibious.
You can wear up to eight rings at the same time.
Your skin changes colour to match your surroundings (Stealth+).
Your rubbery body absorbs attacks. (AC +1, EV +1)
((You are camouflaged when in or above water. (Stealth+)))
You have tentacles for arms and can constrict up to eight enemies at once.


Message History

You hit the hobgoblin but do no damage. You squeeze the hobgoblin.
You kill the hobgoblin!
The ogre hits you with a +0 giant club!!
Ouch! That really hurt!
You are too injured to fight recklessly!
You are too injured to fight recklessly!
Casting: Sandblast (safe; 3% risk of failure)
Confirm with . or Enter, or press ? or * to list all spells.
Aiming: Sandblast (safe; 3% risk of failure)
Press: ? - help, Shift-Dir - straight line, f - ogre
Aim: an ogre, wielding a +0 giant club (90% to hit)
The blast of sand misses the ogre.
Casting: Sandblast (safe; 3% risk of failure)
Confirm with . or Enter, or press ? or * to list all spells.
Aiming: Sandblast (safe; 3% risk of failure)
Press: ? - help, Shift-Dir - straight line, f/p - ogre
Aim: an ogre, wielding a +0 giant club (90% to hit)
The blast of sand hits the ogre!
The ogre is moderately wounded.
The ogre misses you.
Casting: Sandblast (safe; 3% risk of failure)
Confirm with . or Enter, or press ? or * to list all spells.
Aiming: Sandblast (safe; 3% risk of failure)
Press: ? - help, Shift-Dir - straight line, f/p - ogre
Aim: an ogre, wielding a +0 giant club (moderately wounded, 90% to hit)
The blast of sand hits the ogre.
The ogre is heavily wounded.
The ogre barely misses you.
Casting: Sandblast (safe; 3% risk of failure)
Confirm with . or Enter, or press ? or * to list all spells.
You don't have enough magic to cast this spell.
Unknown command.
Okay, then.
You hit the ogre. You squeeze the ogre.
The ogre is severely wounded.
You barely miss the ogre.
The ogre is severely wounded.
The ogre hits you with a +0 giant club!!
Ouch! That really hurt!
You die...

......#.##
#........ .......
..... #.#.### #
#<#.#.. #..#...#.#
#......#O#
###.###.#@#
........#.#
.........#.#####.
#....>.............
#........##.#####..
#........ #.#
....... #.# .......
#.# ....... #.#


You could see an ogre.

Vanquished Creatures
  3 dart slugs
  An orc (D:3)
  8 ball pythons
  4 bats
  7 endoplasms
  4 giant cockroaches
  4 goblins
  4 hobgoblins
  5 jackals
  7 kobolds
  A quokka (D:1)
  A frilled lizard (D:3)
  5 rats
54 creatures vanquished.

Vanquished Creatures (others)
  2 plants (D:3)
2 creatures vanquished.

Grand Total: 56 creatures vanquished

Notes
Turn   | Place    | Note
-------+----------+-------------------------------------------
     0 | D:1      | Crownlay the Octopode Earth Elementalist began the quest
                  | for the Orb.
     0 | D:1      | Reached XP level 1. HP: 11/11 MP: 3/3
   347 | D:1      | Reached XP level 2. HP: 14/17 MP: 5/5
   677 | D:1      | Reached XP level 3. HP: 21/21 MP: 7/7
  1246 | D:2      | Found a faded altar of an unknown god.
  1553 | D:2      | Found a hazy altar of Hepliaklqana.
  1645 | D:2      | Identified the +0 helmet "Xyjiefink" {rC+}
  1862 | D:3      | Found Nupyntop's Assorted Antiques.
  1881 | D:3      | Bought a fuming golden potion for 27 gold pieces
  1881 | D:3      | Bought a scroll labelled GAVUNA XU UPLOTS for 30 gold
                  | pieces
  1881 | D:3      | Bought a green potion for 27 gold pieces
  2023 | D:3      | Reached XP level 4. HP: 27/27 MP: 9/9
  2625 | D:4      | Noticed an ogre
  2633 | D:4      | Mangled by an ogre

Illustrated notes

Levels and vault maps discovered:
D:1:      minmay_arrival_pointy, layout_basic, palyth_stone_intersect,
          serial_bayou_pond_a, hangedman_abyss_or_decor_lesser_grid
D:2:      layout_rooms, ebering_ecumenical_altar_hall, basic_altar
D:3:      layout_loops_ring, serial_shops, shop, minmay_misc_feat_x,
          corexii_shack, kennysheep_cluttered_room, grunt_ministairs_8,
          kennysheep_path_1
D:4:      layout_basic

Skill      XL: |  1  2  3 |
---------------+----------+-----
Spellcasting   | 3 |  3.5
Dodging        | |  2.0
Stealth        | |  2.6
Transmutations | |  1.0
Earth Magic    | |  3.6

Action                   |  1- 3 |  4- 6 || total
-------------------------+-------+-------++-------
Melee: Short sword       |    82 |     5 ||    87
       Tentacles         |    19 |     6 ||    25
       Unarmed           |     3 |       ||     3
       Constrict         |    20 |     4 ||    24
       Dagger            |       |    13 ||    13
 Cast: Sandblast         |     6 |     3 ||     9
  Use: Scroll            |     3 |     1 ||     4
 Stab: Sleeping          |    12 |     2 ||    14
       Distracted        |     1 |       ||     1
Armor: Skin              |     9 |       ||     9
Dodge: Dodged            |    53 |     9 ||    62

Table legend: (Time is in decaauts)
 A = Elapsed time spent in this place.
 B = Non-inter-level travel time spent in this place.
 C = Inter-level travel time spent in this place.
 D = Time resting spent in this place.
 E = Time spent auto-exploring this place.
 F = Levels seen in this place.
 G = Mean time per level.
                   A        B        C        D        E       F      G
               +--------+--------+--------+--------+--------+-----+--------+
         Total |   2638 |   2543 |     95 |      0 |   2156 |   4 |  659.5 |
       Dungeon |   2638 |   2543 |     95 |      0 |   2156 |   4 |  659.5 |
               +--------+--------+--------+--------+--------+-----+--------+

Top non-repeatable levels by time:
     D:1: 954 daAuts
     D:3: 937 daAuts
     D:2: 729 daAuts
     D:4: 17 daAuts
